Map: [ESL] Site Delta

Players

Harstem

  • Race: Protoss Protoss
  • League: Grandmaster
  • Spawn Location: 5:00

LiquidElazer (Elazer) - Winner!

  • Race: Zerg Zerg
  • Spawn Location: 11:00

Event: HomeStory Cup XXIV

VOD

Have the link to the VOD?

Description

Time

  • Played on: Dec. 1, 2023, 8:12 a.m.
  • Length: 13:17

All games in this series

Show
View Real Time Build Order
Export as new Build Order

Harstem Protoss 

Build Orders: 1 Gate Expand, Oracle Opening, Archon Immortal 

Get SALT Encoding   

  12  0:00  Probe  
  13  0:12  Probe  
  14  0:19  Pylon  
  14  0:24  Probe  
  15  0:37  Probe (Chrono Boost)  
  15  0:40  Gateway  
  16  0:47  Probe (Chrono Boost)  
  16  0:49  Assimilator  
  17  0:52  Probe (Chrono Boost)  
  18  1:04  Probe  
  19  1:16  Probe  
  20  1:27  Nexus  
  20  1:38  Cybernetics Core  
  20  1:39  Probe  
  21  1:45  Assimilator  
  21  1:51  Probe  
  21  1:54  Pylon  
  22  2:03  Probe  
  23  2:11  Adept (Chrono Boost)  
  23  2:15  Probe  
  26  2:23  Stargate  
  26  2:27  Probe  
  27  2:31  Adept (Chrono Boost)  
  29  2:38  Warp Gate  
  29  2:39  Probe x2  
  31  2:51  Probe x2  
  31  2:53  Adept  
  35  3:03  Probe x2  
  37  3:08  Oracle (Chrono Boost)  
  40  3:15  Probe x2  
  42  3:27  Probe  
  42  3:28  Probe  
  42  3:33  Pylon  
  44  3:36  Gateway  
  44  3:40  Probe x2  
  46  3:51  Oracle (Chrono Boost)  
  46  3:52  Probe x2  
  51  3:59  Pylon  
  51  4:04  Probe x2  
  51  4:09  Pylon  
  51  4:14  Nexus  
  51  4:16  Probe x2  
  51  4:18  Oracle (Chrono Boost)  
  51  4:22  Assimilator  
  54  4:24  Assimilator  
  54  4:27  Adept  
  54  4:28  Probe  
  54  4:31  Adept  
  59  4:34  Probe  
  59  4:35  Pylon  
  60  4:40  Probe  
  61  4:46  Probe  
  61  4:51  Forge  
  61  4:52  Twilight Council  
  62  4:53  Stalker  
  62  4:54  Stalker  
  62  4:58  Probe  
  62  4:59  Probe  
  68  5:10  Probe  
  68  5:11  Probe  
  66  5:15  Robotics Facility  
  66  5:18  Protoss Ground Weapons Level 1 (Chrono Boost), Stalker  
  66  5:19  Stalker  
  70  5:22  Probe  
  70  5:23  Probe  
  70  5:24  Charge  
  72  5:35  Probe x2  
  74  5:37  Gateway  
  74  5:38  Gateway, Probe  
  74  5:43  Zealot  
  74  5:45  Zealot  
  74  5:47  Probe  
  74  5:48  Shield Battery  
  79  5:50  Probe  
  79  5:52  Probe  
  81  5:59  Probe, Pylon  
  81  6:03  Warp Prism (Chrono Boost)  
  82  6:05  Zealot, Probe  
  82  6:09  Zealot  
  82  6:11  Assimilator  
  89  6:14  Probe  
  89  6:16  Assimilator  
  89  6:17  Pylon  
  89  6:18  Pylon  
  90  6:19  Probe  
  90  6:25  Gateway  
  92  6:28  Probe  
  92  6:29  Gateway  
  92  6:31  Pylon  
  94  6:40  Probe  
  94  6:43  Zealot x2, Templar Archives  
  94  6:44  Zealot  
  94  6:45  Zealot  
  101  6:47  Immortal (Chrono Boost)  
  101  6:52  Probe  
  101  6:53  Probe  
  107  7:05  Zealot x2  
  107  7:06  Gateway  
  107  7:08  Gateway  
  109  7:09  Zealot x2  
  107  7:18  Probe  
  107  7:20  Zealot  
  107  7:22  Probe  
  105  7:25  Zealot  
  105  7:28  Protoss Ground Weapons Level 2 (Chrono Boost)  
  97  7:30  Zealot x4  
  97  7:32  Probe  
  100  7:40  Psionic Storm  
  100  7:44  High Templar  
  102  7:48  Pylon  
  102  7:49  High Templar  
  104  7:52  High Templar x4, Pylon  
  104  7:53  Immortal (Chrono Boost)  
  104  7:54  Archon  
  104  7:55  Gateway  
  116  7:58  Archon  
  116  8:04  Probe  
  117  8:13  Probe  
  117  8:18  High Templar x3  
  124  8:23  Probe  
  124  8:26  High Templar, Immortal (Chrono Boost), Probe  
  130  8:36  Zealot x4  
  130  8:40  Pylon  
  137  8:47  Pylon  
  137  8:50  Zealot x2  
  137  8:52  Nexus  
  137  8:53  Pylon  
  139  9:00  Zealot x5  
  139  9:02  Pylon  
  149  9:05  Immortal (Chrono Boost), Pylon  
  153  9:13  Photon Cannon, Pylon  
  153  9:15  Shield Battery  
  153  9:16  High Templar  
  155  9:17  High Templar  
  155  9:33  Archon  
  155  9:35  Zealot x7  
  155  9:37  Observer (Chrono Boost)  
  170  9:42  Protoss Shields Level 1 (Chrono Boost)  
  170  9:45  Photon Cannon  
  170  9:48  Assimilator  
  170  9:52  Assimilator  
  170  9:53  High Templar x2  
  170  9:56  High Templar x2  
  170  9:58  Archon  
  178  10:01  Archon  
  178  10:16  Immortal (Chrono Boost)  
  178  10:19  High Templar  
  178  10:20  High Templar  
  186  10:25  Archon  
  156  10:30  Probe x2  
  156  10:34  Photon Cannon  
  152  10:36  Photon Cannon  
  152  10:37  Photon Cannon  
  152  10:38  High Templar x2  
  152  10:39  Zealot x5  
  152  10:40  Pylon  
  166  10:48  Archon  
  166  10:52  Probe  
  166  10:55  Gateway  
  167  10:58  Gateway  
  167  11:02  Pylon  
  167  11:07  Zealot x7  
  171  11:12  Pylon  
  171  11:14  Photon Cannon, Stalker  
  168  11:18  Probe  
  168  11:19  Probe  
  168  11:21  Pylon  
  168  11:24  Photon Cannon  
  161  11:26  Photon Cannon  
  161  11:32  High Templar x3  
  167  11:33  High Templar  
  167  11:36  High Templar x2, Archon  
  167  11:39  High Templar, Archon  
  175  11:40  High Templar  
  175  11:43  Nexus, Archon  
  175  11:45  Zealot  
  179  11:47  Archon  
  169  11:54  Zealot x2  
  165  12:04  Immortal  
  165  12:07  Zealot x4  
  161  12:11  Probe  
  161  12:15  High Templar x3  
  152  12:16  High Templar  
  152  12:20  Archon  
  152  12:21  Archon  
  156  12:23  Zealot x3  
  156  12:24  Probe  
  156  12:26  Probe  
  156  12:29  Zealot x2  
  168  12:36  High Templar x2  
  172  12:40  Archon  
  166  12:52  Zealot x6  
  166  12:56  Archon  
  155  13:03  Zealot x3  
  132  13:11  Zealot x2  
Show
View Real Time Build Order
Export as new Build Order

LiquidElazer Zerg - Winner!

Build Orders: Hatch First 

Get SALT Encoding   

  12  0:00  Drone  
  13  0:12  Overlord  
  13  0:16  Drone  
  14  0:30  Drone x2  
  16  0:47  Hatchery  
  15  0:51  Drone  
  15  0:55  Drone  
  17  0:58  Drone  
  18  1:10  Extractor  
  17  1:17  Spawning Pool  
  17  1:18  Drone  
  17  1:23  Drone  
  18  1:31  Drone  
  19  1:39  Drone  
  20  1:52  Overlord  
  20  2:03  Queen x2  
  20  2:04  Zergling x2  
  20  2:05  Drone  
  26  2:11  Zergling x2, Drone  
  28  2:18  Metabolic Boost  
  28  2:21  Zergling x2  
  28  2:22  Drone  
  30  2:32  Drone  
  30  2:33  Drone  
  32  2:39  Queen  
  32  2:42  Drone, Overlord  
  35  2:55  Hatchery  
  34  3:01  Zergling x2  
  34  3:02  Zergling x2  
  36  3:07  Drone  
  36  3:08  Queen  
  36  3:12  Drone x2  
  41  3:21  Drone x2  
  41  3:22  Overlord  
  42  3:29  Drone  
  42  3:32  Overlord  
  43  3:38  Drone  
  43  3:39  Queen  
  46  3:44  Drone x5  
  51  3:51  Queen  
  51  3:53  Drone x3  
  56  3:57  Spore Crawler  
  56  4:00  Spore Crawler  
  56  4:01  Drone x2  
  56  4:05  Drone  
  53  4:13  Drone x3  
  53  4:16  Drone x2  
  58  4:18  Drone  
  58  4:22  Overlord  
  59  4:27  Drone x3  
  62  4:34  Drone x3  
  62  4:35  Drone  
  66  4:40  Queen  
  68  4:46  Overlord  
  68  4:47  Zergling x12  
  73  4:57  Hatchery  
  72  5:01  Evolution Chamber  
  70  5:08  Drone x7  
  70  5:09  Drone x2  
  78  5:17  Drone x3  
  81  5:23  Overlord  
  81  5:24  Drone  
  82  5:31  Drone x3  
  82  5:34  Extractor  
  82  5:35  Zerg Melee Weapons Level 1  
  81  5:36  Extractor, Roach Warren  
  81  5:38  Overlord  
  81  5:39  Overlord  
  79  5:43  Drone x3  
  79  5:46  Extractor  
  79  5:47  Overlord  
  81  5:52  Zergling x2  
  81  5:57  Spore Crawler  
  81  5:58  Drone  
  81  5:59  Zergling x14, Drone x2, Hatchery  
  90  6:04  Overlord  
  90  6:08  Zergling x4  
  90  6:10  Lair, Overlord  
  92  6:15  Drone x6  
  98  6:20  Drone x3  
  98  6:25  Baneling Nest  
  100  6:27  Drone x6  
  100  6:30  Evolution Chamber  
  105  6:36  Overlord  
  105  6:39  Drone x3  
  105  6:41  Drone x3  
  108  6:48  Zergling x2  
  108  6:49  Zergling x18  
  118  6:54  Overlord x2  
  118  6:56  Overlord  
  118  6:58  Zerg Missile Weapons Level 1  
  117  7:06  Roach x4  
  121  7:15  Roach x5  
  127  7:22  Roach x11  
  144  7:23  Glial Reconstitution  
  138  7:32  Zergling x14  
  140  7:41  Overlord x3  
  140  7:44  Roach x2  
  144  7:50  Zergling x8  
  148  7:51  Overlord  
  148  7:52  Centrifugal Hooks, Ravager x2  
  148  7:54  Overlord x2, Ravager  
  148  7:58  Drone x3, Extractor  
  153  8:00  Drone  
  154  8:08  Drone  
  154  8:09  Drone x2  
  154  8:12  Zergling x4  
  154  8:18  Zerg Melee Weapons Level 2  
  153  8:20  Zergling x16  
  158  8:28  Zergling x6  
  158  8:32  Drone x2, Spore Crawler  
  162  8:37  Zergling x8, Hatchery  
  162  8:38  Baneling  
  162  8:39  Baneling x3  
  162  8:40  Baneling x10  
  165  8:42  Zergling x14  
  165  8:47  Overlord  
  172  8:50  Drone x5  
  172  8:55  Drone x4  
  181  8:56  Spine Crawler  
  181  9:02  Overlord  
  180  9:03  Drone x2  
  180  9:06  Extractor  
  181  9:10  Zergling x24  
  181  9:13  Infestation Pit  
  192  9:18  Zerg Ground Armor Level 1  
  192  9:19  Zergling x2  
  192  9:20  Zergling x12  
  192  9:21  Baneling x13  
  196  9:31  Spine Crawler  
  196  9:34  Zergling x8  
  196  9:35  Spine Crawler  
  196  9:36  Spine Crawler x2  
  196  9:45  Baneling x2  
  196  9:46  Baneling x13  
  196  9:53  Extractor, Drone  
  196  9:54  Drone x2, Spine Crawler  
  196  9:55  Drone, Spine Crawler x2  
  196  9:56  Drone x3  
  196  9:58  Hive  
  199  10:19  Drone x4  
  177  10:30  Spire  
  177  10:32  Drone x7, Spine Crawler x2  
  177  10:33  Zergling x8, Spine Crawler x2  
  177  10:34  Zergling x32, Spine Crawler  
  177  10:35  Baneling x7, Spine Crawler  
  194  10:36  Baneling x5  
  194  10:43  Spine Crawler x2  
  193  10:50  Zergling x16  
  196  11:16  Adrenal Glands  
  192  11:23  Zergling x28  
  198  11:52  Zergling x26  
  198  11:53  Zergling x12  
  193  12:01  Corruptor  
  193  12:03  Greater Spire  
  193  12:04  Zergling x2  
  193  12:05  Zergling x26  
  184  12:14  Drone x2  
  182  12:17  Extractor  
  180  12:25  Baneling x15  
  180  12:28  Zergling x4  
  180  12:29  Zergling x14  
  186  12:38  Zergling x2  
  186  12:39  Zergling x12  
  186  12:40  Baneling x22  
  186  12:41  Baneling x7  
  186  12:43  Zergling x14  
  183  12:55  Roach x7  
Tags
 
Add a new tag
Caveats
  • Supply blocks, unpowered buildings, or Contaminate may cause inaccurate times.
  • Supply counts are checked every 10 seconds.